 Dungeon Crawl Stone Soup version 0.29-a0-997-gf6f7e2dfe7 (webtiles) character file.

Game seed: 10871428693594432999

250 nightchill the Trooper (level 6, -1/49 HPs)
             Began as a Formicid Abyssal Knight on Aug 4, 2022.
             Was a Priest of Lugonu.
             Slain by a scorpion zombie (5 damage)
             ... in an ossuary.
             The game lasted 00:12:21 (4212 turns).

nightchill the Trooper (Formicid Abyssal Knight)    Turns: 4212, Time: 00:12:21

Health: -1/49      AC:  5    Str: 19    XL:     6   Next: 35%
Magic:  8/9        EV: 11    Int: 10    God:    Lugonu [***...]
Gold:   200        SH:  0    Dex: 14    Spells: 5/5 levels left

rFire   . . .      SeeInvis +   a - +1 hand axe
rCold   . . .      Faith    .   (no shield)
rNeg    . . .      Spirit   .   q - +0 ring mail
rPois   .          Reflect  .   (helmet unavailable)
rElec   .          Harm     .   (no cloak)
rCorr   .          Rampage  .   (no gloves)
Will    .....                   (no boots)
Stlth   +.........              (no amulet)
HPRegen 0.16/turn               (no ring)
MPRegen 0.11/turn               (no ring)

@: lethally poisoned (-1 -> -5)
A: permanent stasis, dig shafts and tunnels, antennae 3, four strong arms
a: Dig, Renounce Religion, Depart the Abyss, Bend Space, Banish


You were in an ossuary.
You worshipped Lugonu.
Lugonu was most pleased with you.
You visited 1 branch of the dungeon, and saw 4 of its levels.
You visited the Abyss 1 time.
You also visited: Ossuary.

You collected 200 gold pieces.

Inventory:

Hand Weapons
 a - a +1 hand axe (weapon)
 w - a +0 sling
Armour
 q - a +0 ring mail (worn)
 s - a +0 leather armour
Jewellery
 b - an amulet of faith
Scrolls
 d - 2 scrolls of fear {unknown}
 g - a scroll of magic mapping {unknown}
 k - 2 scrolls of blinking {unknown}
 l - a scroll of teleportation {unknown}
 m - a scroll of identify {unknown}
 o - 3 scrolls of enchant weapon {unknown}
 r - 2 scrolls of immolation {unknown}
Potions
 c - a potion of degeneration {unknown}
 e - 2 potions of mutation {unknown}
 f - 2 potions of invisibility {unknown}
 h - 3 potions of brilliance {unknown}
 i - 2 potions of attraction {unknown}
 j - a potion of haste {unknown}
 n - a potion of heal wounds {unknown}
 p - 3 potions of curing {unknown}


   Skills:
 + Level 4.6 Fighting
 - Level 4.0 Axes
 * Level 1.5 Ranged Weapons
 - Level 2.3 Armour
 - Level 1.0 Dodging
 + Level 4.1 Invocations


You had 5 spell levels left.
You didn't know any spells.
Your spell library contained the following spells:

 Spells                   Type           Power      Damage    Failure   Level
 Inner Flame              Hex/Fire       0%         N/A       88%         3
 Cause Fear               Hex            0%         N/A       99%         4
 Petrify                  Tmut/Erth      0%         N/A       99%         4
 Metabolic Englaciation   Hex/Ice        0%         N/A       100%        5
 Statue Form              Tmut/Erth      0%         N/A       100%        6
 Discord                  Hex            0%         N/A       100%        8


Dungeon Overview and Level Annotations

Branches:
Dungeon (4/15)            Ossuary (1/1)
 Temple: D:4-7

Altars:
Ashenzari
Fedhas
Hepliaklqana
Xom
The Shining One

Shops:
D:2 (


Innate Abilities, Weirdness & Mutations

You cannot be hasted, slowed, berserked, paralysed or teleported.
You can dig through walls and to a lower floor.
You have a pair of large antennae on your head. (SInv)
Your four strong arms can wield two-handed weapons with a shield.


Message History

The scorpion is severely wounded.
You hit the scorpion zombie. The scorpion closely misses you.
The scorpion zombie hits you but does no damage.
You hit the scorpion. You punch the scorpion.
The scorpion is severely wounded.
You hit the scorpion zombie but do no damage.
The scorpion stings you.
* * * LOW HITPOINT WARNING * * *
You are poisoned.
The scorpion poisons you! The scorpion zombie hits you.
* * * LOW HITPOINT WARNING * * *
You barely miss the scorpion.
The scorpion is severely wounded.
You hit the scorpion zombie.
You feel very sick. The scorpion barely misses you.
The scorpion zombie closely misses you. The scorpion barely misses you.
You slash the scorpion!
You kill the scorpion!
Lugonu accepts your kill.
You hit the scorpion zombie but do no damage.
You feel sick. The scorpion zombie barely misses you.
Your Ranged Weapons skill increases to level 1!
Your Invocations skill increases to level 4!
You hit the scorpion zombie.
The scorpion zombie is moderately damaged.
You feel sick. The scorpion zombie hits you.
* * * LOW HITPOINT WARNING * * *
Okay, then.
You hit the scorpion zombie but do no damage.
The scorpion zombie is moderately damaged.
* * * LOW HITPOINT WARNING * * *
You feel sick. The scorpion zombie hits you.
* * * LOW HITPOINT WARNING * * *
The scorpion zombie barely misses you.
You hit the scorpion zombie.
The scorpion zombie is moderately damaged.
* * * LOW HITPOINT WARNING * * *
You feel sick. The scorpion zombie hits you.
You die...

...#...#
...8...#
.......#
##8...8##
#....... {
#...8.
#Z..#
##@######
{#...#...#
#.∩.'.∩.#
{#...#...#
#########


You could see a scorpion zombie.

Vanquished Creatures
  A scorpion (Ossuary)
  Natasha (thrice) (D:2)
  Terence (D:2)
  2 adders (D:2)
  A worm (D:3)
  2 dart slugs
  4 bats
  7 endoplasms
  2 giant cockroaches (D:2)
  6 goblins
  7 hobgoblins
  8 jackals
  4 quokkas
  3 ball pythons
  5 frilled lizards
  A gnoll zombie (Ossuary)
  2 goblin zombies (D:4)
  7 kobolds
  4 rats
70 creatures vanquished.

Notes
Turn   | Place    | Note
-------+----------+-------------------------------------------
     0 | Abyss:1  | nightchill the Formicid Abyssal Knight began the quest for
                  | the Orb.
     0 | Abyss:1  | Reached XP level 1. HP: 18/18 MP: 2/2
     1 | D:1      | Escaped the Abyss
   306 | D:1      | Reached skill level 1 in Dodging
   492 | D:1      | Reached XP level 2. HP: 20/24 MP: 3/3
   983 | D:1      | Reached XP level 3. HP: 28/29 MP: 4/4
  1625 | D:2      | Found a glowing golden altar of the Shining One.
  1914 | D:2      | Reached XP level 4. HP: 33/37 MP: 6/6
  1961 | D:2      | Noticed Natasha
  1972 | D:2      | Killed Natasha
  2005 | D:2      | Noticed Natasha
  2011 | D:2      | Killed Natasha
  2012 | D:2      | Reached XP level 5. HP: 7/42 MP: 7/7
  2405 | D:2      | Found Attamoym's Antique Weapon Emporium.
  2419 | D:2      | Noticed Natasha
  2436 | D:2      | Killed Natasha
  2521 | D:2      | Reached *** piety under Lugonu
  2743 | D:2      | Noticed Terence
  2759 | D:2      | Killed Terence
  3839 | D:3      | Reached XP level 6. HP: 45/49 MP: 8/8
  3965 | D:3      | Found a blossoming altar of Fedhas.
  3969 | D:3      | Found a hazy altar of Hepliaklqana.
  3974 | D:3      | Found a broken altar of Ashenzari.
  4153 | D:4      | Found a shimmering altar of Xom.
  4174 | D:4      | Found a sand-covered staircase.
  4188 | Ossuary  | Entered an ossuary
  4210 | Ossuary  | Reached skill level 1 in Ranged Weapons
  4212 | Ossuary  | Slain by a scorpion zombie

Illustrated notes

Levels and vault maps discovered:
D:1:      dpeg_arrival_simpleton_b, layout_loops_ring, minmay_tetromino_i4
D:2:      layout_loops_ring, basic_altar, serial_shops, shop, uniq_terence,
          uniq_natasha
D:3:      layout_basic, grunt_temple_overflow_diamond
D:4:      minmay_angry_zag, layout_gridville, xom_teletrap_fun,
          mainiacjoe_overflow_catwalk_spiral, minmay_temple_entry_junction,
          enter_ossuary_4, amethyst_killhole
Ossuary:  ossuary_minmay_scorpions

Skill      XL: |  1  2  3  4  5  6 |
---------------+-------------------+-----
Dodging        | 1 |  1.0
Axes           | 3 4 |  4.0
Invocations    | 3 4 |  4.1
Fighting       | 4 |  4.6
Ranged Weapons | 1 |  1.5
Armour         | |  2.3

Action                   |  1- 3 |  4- 6 || total
-------------------------+-------+-------++-------
Melee: Hand axe          |    97 |    87 ||   184
       Punch             |       |     1 ||     1
 Fire: Sling             |       |   103 ||   103
 Abil: Dig               |       |     1 ||     1
Armor: Leather armour    |    17 |       ||    17
       Ring mail         |     5 |    83 ||    88
Dodge: Dodged            |    44 |   132 ||   176

Table legend: (Time is in decaauts)
 A = Elapsed time spent in this place.
 B = Non-inter-level travel time spent in this place.
 C = Inter-level travel time spent in this place.
 D = Time resting spent in this place.
 E = Time spent auto-exploring this place.
 F = Levels seen in this place.
 G = Mean time per level.
                   A        B        C        D        E       F      G
               +--------+--------+--------+--------+--------+-----+--------+
         Total |   4283 |   4196 |     87 |   1753 |   1586 |   6 |  713.8 |
       Dungeon |   4255 |   4168 |     87 |   1753 |   1586 |   4 | 1063.8 |
         Abyss |      1 |      1 |      0 |      0 |      0 |   1 |    1.0 |
       Ossuary |     26 |     26 |      0 |      0 |      0 |   1 |   26.0 |
               +--------+--------+--------+--------+--------+-----+--------+

Top non-repeatable levels by time:
     D:2: 1660 daAuts
     D:1: 1581 daAuts
     D:3: 956 daAuts
     D:4: 57 daAuts
 Ossuary: 26 daAuts
 Abyss:1: 1 daAuts
